[Event "Early-Titled-Tuesday-Blitz-March-19-2024"]
[Site "Chess.com"]
[Date "2024.03.19"]
[Round "2"]
[White "ansko1999"]
[Black "AndresDelgado77"]
[Result "0-1"]
[WhiteElo "2631"]
[BlackElo "2324"]
[TimeControl "180+1"]
[EndTime "8:18:39 PDT"]
[Termination "AndresDelgado77 won on time"]

1. Nf3 Nf6 2. d4 g6 3. g3 Bg7 4. Bg2 O-O 5. O-O d6 6. b3 c5 7. Bb2 Ne4 8. c4 Nc6 9. Qc1 cxd4 10. Rd1 Qb6 11. Na3 a6 12. c5 Qxc5 13.
Qxc5 dxc5 14. Nxd4 Nxd4 15. Bxd4 Bxd4 16. Bxe4 Bxa1 17.
Rxa1 Rb8 18. Nc4 Rd8 19. Rc1 b6 20. Ne5 Bb7 21. Bd3 Bd5 22. f3 f6 23. Ng4 Bb7 24.
Kf2 Kg7 25. h4 h5 26. Ne3 e6 27.
Nc4 Bd5 28. Ne3 Rd6 29. Rc3 Rc8 30. Ng2 b5 31. Nf4 f5 32. e4 Bb7 33. e5 Rb6 34. Ke3 c4 35. bxc4 b4 36. Rb3 a5 37. Ne2 a4 38. Rb1 Ba6 39. Nd4 Bxc4 40. Rc1 Ba6 41. Rb1 Bxd3 42. Kxd3 Rc3+ 43. Kd2 Ra3 44. Ke1 Rxa2 45.
Rc1 b3 46. Rc7+ Kf8 0-1

[Event "Early-Titled-Tuesday-Blitz-March-19-2024"]
[Site "Chess.com"]
[Date "2024.03.19"]
[Round "2"]
[White "AlessiaSanteramo"]
[Black "AwareIdea"]
[Result "1/2-1/2"]
[WhiteElo "2259"]
[BlackElo "2516"]
[TimeControl "180+1"]
[EndTime "8:18:39 PDT"]
[Termination "Game drawn - insufficient material"]

1. e4 Nc6 2. Nf3 d5 3. exd5 Qxd5 4. Nc3 Qh5 5. Be2 Bg4 6. d4 O-O-O 7. Be3 e5 8. d5 Bb4 9. Qc1 Rxd5 10. O-O Rd8 11. h3 Nf6 12. hxg4 Nxg4 13. Ne4 f5 14.
Ng3 Qf7 15. Bg5 Rdf8 16. c3 Bc5 17. b4 Bb6 18. b5 Ne7 19. Bxe7 Qxe7 20. a4 e4 21. Nd4 h5 22. Ngxf5 Qe5 23. Bxg4 hxg4 24. g3 Rh5 25. Qf4 Qxf4 26. gxf4 Rfxf5 27. Nxf5 Rxf5 28. Kg2 Rxf4 29. Rad1 a6 30. Rh1 Rxf2+ 31. Kg3 Rf8 32. Kxg4 axb5 33. axb5 e3 34. Rhe1 Kb8 35. Rd5 Re8 36. Kf4 Rf8+ 37. Kg5 Re8 38. c4 Ba5 39. Re2 Bb6 40. c5 Ba5 41. Rd3 c6 42. bxc6 bxc6 43. Rdxe3 Rxe3 44. Rxe3 Bb4 45. Re8+ Kb7 46. Re5 Ka6 47.
Kg6 Kb5 48. Kxg7 Bxc5 49. Kf6 Kc4 50. Re6 Bd4+ 51. Kf7 c5 52. Rc6 Kd3 53. Rxc5 Bxc5 1/2-1/2

[Event "Early-Titled-Tuesday-Blitz-March-19-2024"]
[Site "Chess.com"]
[Date "2024.03.19"]
[Round "2"]
[White "Aleksandar-Topalov"]
[Black "Makswolf200817"]
[Result "0-1"]
[WhiteElo "2283"]
[BlackElo "2747"]
[TimeControl "180+1"]
[EndTime "8:18:41 PDT"]
[Termination "Makswolf200817 won on time"]

1. b3 d5 2. Bb2 c5 3. e3 Nc6 4. Bb5 Qc7 5. f4 a6 6. Bxc6+ Qxc6 7. Nf3 Bf5 8. O-O f6 9. d3 Nh6 10. Nbd2 e6 11. Qe2 Bg6 12. e4 d4 13. a4 Be7 14.
a5 O-O 15. Nc4 Rae8 16. Bc1 Bd8 17. Bd2 Bc7 18. Qf2 Nf7 19. Qh4 f5 20. exf5 Bxf5 21. Rae1 Qd5 22. Re2 Nh6 23. h3 Bg6 24. Ng5 Nf5 25.
Qe1 Rf6 26. Ne4 Rf7 27. Ng5 Rfe7 28. g4 Nh6 29. f5 Bf7 30. f6 Rd7 31. fxg7 Kxg7 32.
Ne4 Ng8 33. Qh4 Bg6 34. Rff2 h6 35. Nf6 Bd8 36. g5 Bxf6 37. gxf6+ Kh7 38. Rg2 Rf7 39. Rxg6 Kxg6 40. Rg2+ Kh7 41. Rg7+ Rxg7+ 42. fxg7 Kxg7 43. Qg4+ Kh7 44. Qf4 Qf5 45. Qc7+ Re7 46. Qd8 Rg7+ 0-1

[Event "Early-Titled-Tuesday-Blitz-March-19-2024"]
[Site "Chess.com"]
[Date "2024.03.19"]
[Round "2"]
[White "MarijaKuznecova"]
[Black "GiorgianBarbosa"]
[Result "1-0"]
[WhiteElo "2373"]
[BlackElo "2555"]
[TimeControl "180+1"]
[EndTime "8:18:41 PDT"]
[Termination "MarijaKuznecova won by resignation"]

1. e4 c5 2. Nf3 g6 3. d4 cxd4 4. Nxd4 Bg7 5. Nc3 Nc6 6. Be3 Nf6 7. Bc4 O-O 8. Bb3 d6 9. f3 Bd7 10.
Qd2 Qa5 11. O-O Rac8 12. Nxc6 Bxc6 13. Nd5 Qd8 14. Nxf6+ Bxf6 15. Bd4 e6 16. Kh1 d5 17. e5 Be7 18. f4 b6 19. Rf3 Bc5 20. Rh3 Bxd4 21.
Qxd4 f6 22. Re1 fxe5 23. Qxe5 Qf6 24. Qxe6+ Qxe6 25. Rxe6 Rxf4 26. Rf3 Rxf3 27. gxf3 Kf8 28. Kg2 a5 29. a4 Rc7 30. Kf2 b5 31. axb5 Bxb5 32.
Rb6 Bd7 33. c3 a4 34. Bxd5 a3 35. bxa3 Rxc3 36. Ra6 Rc2+ 37. Kg3 g5 38. Be4 h5 39. Bxc2 h4+ 40. Kf2 Bc8 41. Ra8 Ke7 42. Rxc8 Kf6 43.
Rc6+ Ke5 44. a4 Kf4 45. a5 g4 46. Rc4+ Ke5 47. Rxg4 1-0

[Event "Early-Titled-Tuesday-Blitz-March-19-2024"]
[Site "Chess.com"]
[Date "2024.03.19"]
[Round "2"]
[White "margarita_2703"]
[Black "Tonychess32"]
[Result "1-0"]
[WhiteElo "2330"]
[BlackElo "2531"]
[TimeControl "180+1"]
[EndTime "8:18:41 PDT"]
[Termination "margarita_2703 won by resignation"]

1. e4 e6 2. d4 d5 3. e5 c5 4. c3 Nc6 5. Nf3 cxd4 6. cxd4 Nge7 7. Na3 Nf5 8. Nc2 Be7 9. a3 O-O 10. b4 a6 11. Bd3 f6 12. Bb2 fxe5 13. dxe5 Bd7 14. O-O Be8 15. Rc1 Bh5 16. Be2 Rc8 17.
Re1 Bg6 18. Ncd4 Nfxd4 19. Nxd4 Nxd4 20. Bxd4 Rxc1 21. Qxc1 Qd7 22. g3 Rc8 23. Qd2 Rc2 24. Qe3 Bf5 25. Bd3 Bxd3 26. Qxd3 Qc6 27. Bc5 Rxc5 28. bxc5 Qxc5 29. Rb1 b5 30. a4 Qc4 31. Qxc4 bxc4 32. Kf1 a5 33. Ke2 Bb4 34. Ke3 Bc5+ 35.
Ke2 Kf7 36. f4 Kg6 37. Rb5 Bb4 38. g4 h5 39. h3 hxg4 40. hxg4 d4 41. Rb6 d3+ 42.
Kd1 c3 43. Rxe6+ Kf7 44. Rc6 c2+ 45. Kc1 Ba3+ 46. Kd2 c1=Q+ 47. Rxc1 Bxc1+ 48. Kxc1 g5 49. f5 Ke7 50. Kd2 Kd7 51. Kxd3 Kc6 52. Kc4 Kb6 53. f6 1-0

[Event "Early-Titled-Tuesday-Blitz-March-19-2024"]
[Site "Chess.com"]
[Date "2024.03.19"]
[Round "2"]
[White "AlexTruskavetsky"]
[Black "JimDiGrease"]
[Result "1/2-1/2"]
[WhiteElo "2682"]
[BlackElo "2998"]
[TimeControl "180+1"]
[EndTime "8:18:42 PDT"]
[Termination "Game drawn by repetition"]

1. d4 d5 2. c4 e6 3. Nc3 c6 4.
e4 dxe4 5. Nxe4 Bb4+ 6. Nc3 e5 7. Be3 exd4 8. Qxd4 Qxd4 9. Bxd4 Nf6 10. a3 Be7 11.
O-O-O O-O 12. Nf3 Bg4 13. Be2 Nbd7 14. h3 Bxf3 15. Bxf3 Bc5 16. Bxf6 Nxf6 17. Rd2 Rfe8 18. Rhd1 g6 19. g4 Re5 20. h4 g5 21. h5 Kg7 22.
Kc2 a5 23. Kb3 Rae8 24. Kc2 R8e7 25. Kb3 Ne8 26. Rd7 Bxf2 27. Rxe7 Rxe7 28. Be4 Bg3 29. Bf5 Nd6 30. Bc2 Re3 31. Rd3 Rxd3 32. Bxd3 f5 33. c5 Nf7 34. Bxf5 Bf2 35. Ne4 Bd4 36. Kc2 h6 37. b4 axb4 38. axb4 Ne5 39. Nd6 b6 40. cxb6 Bxb6 41. Ne4 Bd4 42. Kb3 Kf7 43. Nd6+ Ke7 44. Ne4 Be3 45. Kc3 Bb6 46. Nd2 Nf7 47. Ne4 Ne5 48. Nd2 Nf7 49. Ne4 Ne5 1/2-1/2

[Event "Early-Titled-Tuesday-Blitz-March-19-2024"]
[Site "Chess.com"]
[Date "2024.03.19"]
[Round "2"]
[White "Sadykov_Ramil"]
[Black "the_chess_child"]
[Result "0-1"]
[WhiteElo "2608"]
[BlackElo "2866"]
[TimeControl "180+1"]
[EndTime "8:18:42 PDT"]
[Termination "the_chess_child won on time"]

1. e4 c5 2. Nf3 e6 3. c4 Nc6 4.
Nc3 e5 5. Be2 d6 6. O-O g6 7. d3 Bg7 8. Rb1 Nge7 9. a3 a5 10.
Ne1 O-O 11. Bg5 f6 12. Bh4 Be6 13. Nc2 a4 14. Bg4 f5 15. Bh3 h6 16. Bxe7 Qxe7 17. Ne3 Nd4 18. Nxa4 f4 19. Nd5 Bxd5 20. exd5 f3 21. g3 Qg5 22. Re1 Qh5 23. Bf1 Rf5 24. Nc3 Qg5 25. Ne4 Qe7 26. b4 cxb4 27. axb4 Bf8 28.
c5 Qf7 29. cxd6 Qxd5 30. Bh3 Rf7 31. d7 Kg7 32. Rc1 Ra2 33. Rc8 Rxd7 34. Rxf8 Ne2+ 35.
Kh1 Kxf8 36. Nf6 Qd4 37. Qb3 Rf7 38. Qe6 Qxf2 39. Nd7+ Rxd7 40. Qf6+ Rf7 41. Qh8+ Ke7 42. Qxe5+ Kd8 43. Qd6+ Ke8 44. Qe5+ Re7 45. Qh8+ Kf7 46. Qh7+ Kf6 47. Qh8+ Kg5 0-1

[Event "Early-Titled-Tuesday-Blitz-March-19-2024"]
[Site "Chess.com"]
[Date "2024.03.19"]
[Round "2"]
[White "KuzubovYuriy"]
[Black "vladgoncharov"]
[Result "1-0"]
[WhiteElo "2903"]
[BlackElo "2620"]
[TimeControl "180+1"]
[EndTime "8:18:43 PDT"]
[Termination "KuzubovYuriy won by checkmate"]

1. d4 Nf6 2. Nf3 e6 3. c4 Bb4+ 4. Bd2 Be7 5. Nc3 d5 6. cxd5 exd5 7. Bf4 c6 8. e3 O-O 9. Bd3 Nbd7 10. Qc2 Re8 11.
O-O Nf8 12. h3 Ng6 13. Bh2 Bd6 14. Bxd6 Qxd6 15. Rab1 a5 16. a3 Bd7 17. Rfe1 Re7 18.
b4 axb4 19. axb4 b5 20. Qb2 Ne4 21. Ra1 Rae8 22. Bf1 f5 23. Nd2 Nxd2 24. Qxd2 Qxb4 25. Ra7 f4 26. Bd3 fxe3 27. Rxe3 Qd6 28. Bxg6 hxg6 29. Ne2 Bf5 30. Rexe7 Rxe7 31. Ra8+ Kh7 32. Qg5 Qf6 33. Qd2 g5 34. Ng3 Bg6 35. Nf1 Qf4 36. Qc3 Re2 37. f3 Rc2 38. Qa1 Rc1 39. Qb2 Qe3+ 40. Qf2 Qd3 41. g4 b4 42. Rb8 b3 43. h4 Rc2 44.
Qe1 Re2 45. Qg3 Qxd4+ 46. Kh1 Qf4 47. hxg5 Qxg3 48. Nxg3 Rb2 49. f4 Be4+ 50. Nxe4 dxe4 51. f5 c5 52. Rb7 c4 53. f6 Kg6 54. Rxg7# 1-0

[Event "Early-Titled-Tuesday-Blitz-March-19-2024"]
[Site "Chess.com"]
[Date "2024.03.19"]
[Round "2"]
[White "suyu28"]
[Black "Kopytkin"]
[Result "1-0"]
[WhiteElo "2847"]
[BlackElo "2435"]
[TimeControl "180+1"]
[EndTime "8:18:43 PDT"]
[Termination "suyu28 won by resignation"]

1. d4 d5 2. c4 Bf5 3. Nc3 e6 4.
Nf3 c6 5. Qb3 Qb6 6. c5 Qc7 7.
Bf4 Qc8 8. Nh4 Nf6 9. Nxf5 exf5 10. e3 Be7 11. h3 O-O 12. Bd3 Re8 13. Qc2 g6 14.
O-O Bd8 15. b4 a6 16. a4 Bc7 17. Bg5 Ne4 18. Bh6 Nd7 19. b5 a5 20. Rab1 Ndf6 21. Ne2 Nh5 22. Rb3 Qe6 23. bxc6 bxc6 24. Rb7 Rac8 25.
Ra7 Bd8 26. Nf4 Nxf4 27. Bxf4 g5 28. Bh2 g4 29. Ba6 g3 30. Bxg3 Nxg3 31. Bxc8 Qxc8 32. fxg3 Re4 33. Qf2 Bg5 34. Qxf5 Bxe3+ 35. Kh2 Qxf5 36. Rxf5 Bxd4 37. Rfxf7 Bxc5 38. Rg7+ Kh8 39. Rxh7+ Kg8 40. Rag7+ Kf8 41. Rc7 Bd4 42. Rxc6 Re7 43. Rxe7 Kxe7 44. g4 Be5+ 45. Kg1 Kd7 46. Rc2 d4 47. Kf1 Kd6 48. Ke2 Kd5 49. Kd3 1-0

[Event "Early-Titled-Tuesday-Blitz-March-19-2024"]
[Site "Chess.com"]
[Date "2024.03.19"]
[Round "2"]
[White "mishanick"]
[Black "PepeCuenca"]
[Result "1-0"]
[WhiteElo "3124"]
[BlackElo "2722"]
[TimeControl "180+1"]
[EndTime "8:18:45 PDT"]
[Termination "mishanick won by checkmate"]

1. d4 Nf6 2. c4 g6 3. Nc3 Bg7 4. e4 d6 5. Be2 O-O 6. Be3 Nc6 7. Nf3 Bg4 8. d5 Bxf3 9. gxf3 Nb8 10. h4 c6 11. h5 cxd5 12. hxg6 fxg6 13. exd5 Nbd7 14. f4 Nc5 15. Qc2 Qd7 16. O-O-O Ng4 17. Bxg4 Qxg4 18. Rdg1 Qf5 19. Qxf5 Rxf5 20. Kc2 Rc8 21. b3 Bxc3 22.
Kxc3 b5 23. Rc1 bxc4 24. bxc4 Rff8 25. Rb1 Rb8 26. Rb5 Rbc8 27. Re1 Rc7 28. Bxc5 dxc5 29. Re4 Rf6 30. a4 h5 31. Kd3 Kg7 32. Ke2 Ra6 33.
a5 Rf6 34. Kf3 Kf7 35. Kg3 Kg7 36. Re5 Kf7 37. f3 Rf5 38. Rb8 h4+ 39. Kg4 Rf6 40.
Rh8 Kg7 41. Re8 Kf7 42. Rh8 Kg7 43. Rb8 Ra6 44. Rb5 Rf6 45. Rb1 Rc8 46. Rbe1 Kf8 47. Rxe7 Rb8 48. Rh7 Kg8 49. Ree7 Rd8 50. Reg7+ Kf8 51.
Rxa7 Rb8 52. Rh8# 1-0

[Event "Early-Titled-Tuesday-Blitz-March-19-2024"]
[Site "Chess.com"]
[Date "2024.03.19"]
[Round "2"]
[White "The_Machine04"]
[Black "ozen_metehan"]
[Result "1-0"]
[WhiteElo "2814"]
[BlackElo "2473"]
[TimeControl "180+1"]
[EndTime "8:18:45 PDT"]
[Termination "The_Machine04 won on time"]

1. d4 Nf6 2. Nf3 c5 3. e3 g6 4.
Nbd2 Bg7 5. dxc5 O-O 6. Be2 Qc7 7. a3 a5 8. O-O Qxc5 9. b4 Qc7 10. Bb2 b6 11. c4 Bb7 12. Qb3 axb4 13. axb4 Nc6 14.
Bc3 d6 15. Qb2 Nh5 16. Bxg7 Nxg7 17. Nb3 Nf5 18. h3 Nxb4 19. Nbd4 Nxd4 20. Nxd4 Nc6 21. Rxa8 Rxa8 22. Rb1 Nxd4 23. exd4 Be4 24. Qxb6 Qxb6 25.
Rxb6 Ra2 26. Bf1 Ra1 27. Rb3 Rd1 28. f3 Bf5 29. g4 Bc2 30. Rc3 Bb1 31. c5 dxc5 32.
dxc5 Rd7 33. Bc4 g5 34. Kf2 Bg6 35. Ke3 Kf8 36. Rb3 e6 37. Rb8+ Ke7 38. Bb5 Rc7 39.
Re8+ Kf6 40. c6 Ke5 41. Rd8 f5 42. Rd7 f4+ 43. Kd2 Rc8 44. Rg7 Kf6 45. Rb7 Be8 46.
Rb6 Ke5 47. Kc3 Kd6 48. Kb4 1-0

[Event "Early-Titled-Tuesday-Blitz-March-19-2024"]
[Site "Chess.com"]
[Date "2024.03.19"]
[Round "2"]
[White "1mbl4"]
[Black "MetiForce"]
[Result "1/2-1/2"]
[WhiteElo "2634"]
[BlackElo "2916"]
[TimeControl "180+1"]
[EndTime "8:18:46 PDT"]
[Termination "Game drawn by agreement"]

1. d4 Nf6 2. Bf4 d5 3. Nc3 a6 4. e3 c5 5. dxc5 Nc6 6. a3 d4 7. exd4 Nxd4 8. Nf3 Nxf3+ 9. Qxf3 e5 10. Bxe5 Bxc5 11.
Bxf6 Qxf6 12. Qxf6 gxf6 13. Be2 Be6 14. Rd1 O-O 15.
Bf3 Rad8 16. O-O b5 17. Rxd8 Rxd8 18. Rd1 Rb8 19. Nd5 Kg7 20. g3 Rd8 21. Nf4 Rb8 22.
Nxe6+ fxe6 23. Rd7+ Kg6 24. h4 f5 25. h5+ Kh6 26.
Rc7 Bd4 27. Rc6 Rb6 28. Rxb6 Bxb6 29. Bb7 a5 30. Bc8 Kxh5 31. Bxe6 Kg5 32. b4 axb4 33. axb4 Bd4 34. Bd7 Bc3 35. Bxb5 Bxb4 36. f4+ Kf6 37. Kf2 h6 38. Kf3 Be1 39. Bd3 Ke6 40. c4 Bb4 41.
Kg2 Kf6 42. Kh3 Bc5 43. Kh4 Bf2 44. Kh3 Bc5 45. g4 fxg4+ 46. Kxg4 Bd6 47. Kf3 Ke6 48. Ke4 Be7 49. f5+ Kd6 50. Kf4 h5 51. Kg3 Ke5 1/2-1/2

[Event "Early-Titled-Tuesday-Blitz-March-19-2024"]
[Site "Chess.com"]
[Date "2024.03.19"]
[Round "2"]
[White "tarno17"]
[Black "sorch29"]
[Result "0-1"]
[WhiteElo "2198"]
[BlackElo "2495"]
[TimeControl "180+1"]
[EndTime "8:18:46 PDT"]
[Termination "sorch29 won by checkmate"]

1. e4 c5 2. Nf3 Nc6 3. Bb5 g6 4. O-O Bg7 5. c3 Nf6 6. Re1 O-O 7. Ba4 d5 8. e5 Nd7 9. d4 cxd4 10. cxd4 Nb6 11. Bc2 Bg4 12. Be3 Rc8 13. Nbd2 Nb4 14. Bb1 Bf5 15. Bxf5 gxf5 16. Nh4 e6 17. Qh5 Nc2 18.
Ndf3 Nxa1 19. Rxa1 f6 20. exf6 Qxf6 21. Ne5 f4 22. Bd2 Nc4 23. Bb4 Rfe8 24. Rf1 Nxe5 25. dxe5 Qf7 26. Qg4 Kh8 27. Bd6 Rc4 28. Qh3 f3 29. Nxf3 Rf4 30. Ng5 Qg6 31. Nf3 d4 32.
Rd1 Qg4 33. Qxg4 Rxg4 34. Nxd4 Bf8 35. Bxf8 Rxf8 36. Nxe6 Re8 37. Nc7 Rxe5 38. h3 Rg8 39. Nd5 Rd8 40. Nc3 Rxd1+ 41. Nxd1 Re1+ 42. Kh2 Rxd1 43. Kg3 Rd2 44. b4 Rxa2 45. f3 Rb2 46. Kf4 Rxb4+ 47. Kg5 Rb2 48. g4 Rf2 49. f4 b5 50.
f5 b4 51. f6 b3 52. h4 b2 53. h5 b1=Q 54. Kh6 Qc1+ 55. g5 Rf5 56. f7 Qxg5# 0-1

[Event "Early-Titled-Tuesday-Blitz-March-19-2024"]
[Site "Chess.com"]
[Date "2024.03.19"]
[Round "2"]
[White "GMBenjaminBok"]
[Black "RandomNoob04"]
[Result "1-0"]
[WhiteElo "2969"]
[BlackElo "2658"]
[TimeControl "180+1"]
[EndTime "8:18:47 PDT"]
[Termination "GMBenjaminBok won by resignation"]

1. d4 Nf6 2. c4 c5 3. Nf3 cxd4 4.
Nxd4 b6 5. Nc3 Bb7 6. f3 e6 7. e4 d6 8. Be2 Be7 9. Be3 O-O 10.
O-O Nbd7 11. Qd2 a6 12. Kh1 Rc8 13. Rfc1 Qc7 14. a4 Rfd8 15. a5 bxa5 16. Nb3 Ne5 17.
Nxa5 Ba8 18. Na4 Rb8 19. b4 Qd7 20. Bf1 d5 21. Nb6 Qe8 22. exd5 exd5 23. c5 d4 24. Bf4 Nxf3 25. gxf3 Bxf3+ 26. Bg2 Ne4 27. Qb2 Bg5 28. Bxf3 Bxf4 29. Re1 Be3 30. Nac4 Nf2+ 31. Qxf2 Bxf2 32. Rxe8+ Rxe8 33. Kg2 Bh4 34. c6 Bd8 35. Rxa6 d3 36. Nd5 Re1 37. Ra3 Rc1 38. Nd2 Rc2 39. Rxd3 Bg5 40. c7 Rc8 41. Bg4 R8xc7 42. Nxc7 h5 43. Bxh5 Bxd2 44. Bd1 Rxc7 45. Rxd2 Rb7 46. Rb2 Kf8 47. b5 Ke7 48. b6 Kd6 49. Bf3 Rb8 50. b7 g5 51. Rc2 g4 52. Be4 f5 53. Rc8 1-0

[Event "Early-Titled-Tuesday-Blitz-March-19-2024"]
[Site "Chess.com"]
[Date "2024.03.19"]
[Round "2"]
[White "Susal_De_Silva"]
[Black "SharapovEvgeny"]
[Result "1-0"]
[WhiteElo "2817"]
[BlackElo "2568"]
[TimeControl "180+1"]
[EndTime "8:18:50 PDT"]
[Termination "Susal_De_Silva won by checkmate"]

1. Nf3 c5 2. e3 Nc6 3. d4 d5 4. Be2 Nf6 5. O-O Bg4 6. c3 e6 7.
Nbd2 Bd6 8. dxc5 Bxc5 9. b4 Be7 10. Bb2 O-O 11. a3 Rc8 12. c4 dxc4 13. Nxc4 Qxd1 14.
Rfxd1 Rfd8 15. h3 Bh5 16. g4 Bg6 17. b5 Nb8 18. Nfe5 Nbd7 19. Bf3 Nxe5 20. Nxe5 Be4 21. Bd4 Bxf3 22. Nxf3 a6 23. bxa6 bxa6 24. Rdb1 Nd5 25. Rb7 Bf8 26. a4 f6 27. e4 Nf4 28. Be3 Ne2+ 29. Kg2 e5 30. Ra7 Rc6 31. Nh4 Rdc8 32. Rb1 Nc3 33. Rbb7 Nxe4 34. Rd7 Nd6 35. Bd2 Nc4 36.
Bb4 Nb6 37. Rdb7 Bxb4 38. Rxg7+ Kf8 39. Rxh7 Ke8 40. Ng6 Bf8 41. Nxf8 Ra8 42. Rab7 Rd6 43. Ng6 Nd7 44. Rh8+ Kf7 45. Rxa8 Kxg6 46. Raa7 Nc5 47. Rg7+ Kh6 48. h4 Nxa4 49. Rh7+ Kg6 50. Rag7# 1-0

[Event "Early-Titled-Tuesday-Blitz-March-19-2024"]
[Site "Chess.com"]
[Date "2024.03.19"]
[Round "2"]
[White "NovozhilovSemen"]
[Black "Iball95"]
[Result "0-1"]
[WhiteElo "2618"]
[BlackElo "2899"]
[TimeControl "180+1"]
[EndTime "8:18:51 PDT"]
[Termination "Iball95 won by resignation"]

1. d4 d5 2. c4 e6 3. Nf3 Nf6 4. g3 c5 5. cxd5 cxd4 6. dxe6 Bxe6 7. Bg2 Nc6 8. O-O Bc5 9. Bg5 O-O 10. Nbd2 Be7 11. Nb3 h6 12. Bf4 Qb6 13. Nbxd4 Rfd8 14. Nxc6 Rxd1 15. Nxe7+ Kf8 16. Raxd1 Kxe7 17. Bd6+ Ke8 18. Ne5 Rd8 19. Ba3 Rxd1 20. Rxd1 Bxa2 21. Nd3 Bd5 22.
Bxd5 Nxd5 23. Nc5 Nf6 24. e4 Qc6 25. f3 b6 26. Nd3 Nd7 27. Rd2 Ne5 28. Kf2 Nxd3+ 29.
Rxd3 Qc2+ 30. Ke3 Qxh2 31. g4 Qg1+ 32. Ke2 Qg2+ 33. Ke3 g6 34. Rc3 Kd7 35. Rd3+ Kc8 36. Rc3+ Kb7 37. Bd6 Qg1+ 38. Ke2 Qg2+ 39. Ke3 Qxb2 40.
Rc7+ Ka6 41. e5 h5 42. gxh5 gxh5 43. Rc8 Qb3+ 44. Kf4 Qe6 45. Rh8 Qg6 46. Be7 Kb5 47. Rd8 a5 48. Rd6 Qg1 49. e6 fxe6 50. Rxe6 a4 51.
Re5+ Ka6 52. Rxh5 Qd4+ 53. Kg3 Qg7+ 54. Bg5 a3 55. Kg4 a2 0-1

[Event "Early-Titled-Tuesday-Blitz-March-19-2024"]
[Site "Chess.com"]
[Date "2024.03.19"]
[Round "2"]
[White "malakismayil"]
[Black "ritanovikova"]
[Result "1-0"]
[WhiteElo "2501"]
[BlackElo "2211"]
[TimeControl "180+1"]
[EndTime "8:18:51 PDT"]
[Termination "malakismayil won on time"]

1. e4 d5 2. exd5 Qxd5 3. Nc3 Qd6 4. Nf3 Nf6 5. Bc4 Be6 6. Qe2 Bxc4 7. Qxc4 c6 8. O-O e6 9. h3 Be7 10. a4 a5 11. b3 O-O 12. Ba3 Qd8 13. Bxe7 Qxe7 14.
Rfe1 Qd6 15. Rad1 Nbd7 16. Qh4 Rfe8 17. d4 Nf8 18. Ne5 Ng6 19. Qg3 Nd5 20. Ne4 Qd8 21. c4 Nf6 22. Nc5 Qc7 23. Nxg6 Qxg3 24. fxg3 hxg6 25.
Nxb7 Reb8 26. Nc5 Ra7 27. g4 Nd7 28. Nxd7 Rxd7 29. Rd3 Rbd8 30. Red1 e5 31. d5 e4 32. Rd4 f5 33. dxc6 Rxd4 34. Rxd4 Rc8 35. Rd6 Kf7 36. g5 f4 37. Rd4 Rxc6 38. Rxe4 Rb6 39. Rxf4+ Ke6 40.
Rf3 Ke5 41. Kf2 Kd4 42. Kg3 Re6 43. h4 Kc5 44. Rd3 Kb4 45. Kf4 Re1 46. Rd5 Kxb3 47. Rxa5 Kb4 48. Ra6 Kxc4 49. Rxg6 Kb4 50. Rxg7 Kxa4 51.
g6 Rf1+ 52. Kg5 Rg1 53. g4 Kb5 54. Rc7 Kb6 55. Rc2 Kb5 56. g7 Kb4 57. g8=Q Rg2 58. Qc4+ Ka5 59. Ra2+ Kb6 60. Ra6+ Kb7 61. Qc6+ 1-0

[Event "Early-Titled-Tuesday-Blitz-March-19-2024"]
[Site "Chess.com"]
[Date "2024.03.19"]
[Round "2"]
[White "campochess"]
[Black "toninhojit"]
[Result "0-1"]
[WhiteElo "2173"]
[BlackElo "2493"]
[TimeControl "180+1"]
[EndTime "8:18:51 PDT"]
[Termination "toninhojit won by checkmate"]

1. e4 c5 2. b4 cxb4 3. d4 g6 4. a3 b3 5. c3 Bg7 6. Qxb3 d6 7.
Nf3 Nf6 8. e5 dxe5 9. dxe5 Ng4 10. Bb5+ Nc6 11. Bf4 Qb6 12. O-O O-O 13. h3 Ngxe5 14.
Nxe5 Nxe5 15. Be3 Qe6 16. Qa4 Bd7 17. Nd2 a6 18. Bxd7 Qxd7 19. Qh4 Rfe8 20. Ne4 Qc6 21. Bd4 Nd7 22. Ng5 h6 23. Nf3 Bxd4 24. cxd4 Kg7 25. Rac1 Qf6 26. Qg3 Rac8 27. Rc7 Rxc7 28. Qxc7 Qd6 29.
Qc3 Kh7 30. Rc1 Rd8 31. Qc7 Nf6 32. Qxb7 Rd7 33. Qb3 e6 34. Ne5 Rc7 35. Rxc7 Qxc7 36. Qb4 Kg7 37. f3 Nd5 38. Qd2 Qb6 39. Ng4 h5 40.
Ne5 Qb1+ 41. Kh2 Qf5 42. g3 Qb1 43. h4 Qb3 44. Qd3 Qb2+ 45. Kh3 Qf2 46. Qe4 Ne3 47. f4 Qf1+ 48. Kh2 Qf2+ 49. Kh3 Nf5 50. Qg2 Qe1 51. d5 Ne3 52. Qf3 exd5 53. f5 Nxf5 54. Qxd5 Qf1+ 55. Kh2 Qf2+ 56. Kh3 Qxg3# 0-1

[Event "Early-Titled-Tuesday-Blitz-March-19-2024"]
[Site "Chess.com"]
[Date "2024.03.19"]
[Round "2"]
[White "Durarbayli"]
[Black "Evandro_Barbosa"]
[Result "1/2-1/2"]
[WhiteElo "2990"]
[BlackElo "2682"]
[TimeControl "180+1"]
[EndTime "8:18:52 PDT"]
[Termination "Game drawn by repetition"]

1. c4 c5 2. Nc3 Nc6 3. Nf3 e5 4. g3 g6 5. Bg2 Bg7 6. O-O d6 7. Ne1 Be6 8. d3 Nge7 9. Nc2 d5 10. cxd5 Nxd5 11. Ne3 Nde7 12. Bd2 O-O 13. Rc1 b6 14. a3 a5 15. Nc4 Rb8 16. Nb5 Qd7 17. Bc3 Nd4 18.
Bxd4 exd4 19. a4 Nd5 20. Qd2 h5 21. e4 dxe3 22. fxe3 Nb4 23. Rcd1 Rfd8 24. Nbd6 Qxa4 25. Qf2 Qd7 26. d4 cxd4 27. exd4 Bxc4 28. Nxc4 Bxd4 29. Ne3 Qe6 30. Rxd4 Rxd4 31. Nf5 Rd7 32. Bh3 gxf5 33. Bxf5 Qd6 34. Bxd7 Qxd7 35. Qf4 Nc6 36. Qg5+ Kf8 37.
Re1 Qd6 38. Qxh5 Qd4+ 39. Kh1 Qg7 40. Qd5 Qg6 41. Rf1 Rd8 42. Qc4 Ne7 43. Qh4 Re8 44.
Qh8+ Ng8 45. Qd4 Qe6 46. Rf4 Qe1+ 47. Kg2 Qe2+ 48. Kh3 Qh5+ 49. Rh4 Qf5+ 50. Rg4 Nf6 51. Qd6+ Re7 52. Qd8+ Re8 53. Qd6+ Re7 54. Qd8+ Re8 55.
Qd6+ 1/2-1/2

[Event "Early-Titled-Tuesday-Blitz-March-19-2024"]
[Site "Chess.com"]
[Date "2024.03.19"]
[Round "2"]
[White "SirStrateg"]
[Black "PLAYER_2006_M"]
[Result "0-1"]
[WhiteElo "2636"]
[BlackElo "2932"]
[TimeControl "180+1"]
[EndTime "8:18:52 PDT"]
[Termination "PLAYER_2006_M won by resignation"]

1. d4 e6 2. Nf3 Nf6 3. Bf4 b6 4. Nbd2 Bb7 5. e3 Nh5 6. Bg5 Be7 7. Bxe7 Qxe7 8. Bd3 d6 9. Qe2 Nf6 10. g4 h6 11. Rg1 Nbd7 12. h4 O-O-O 13. g5 hxg5 14. hxg5 Nd5 15. O-O-O Kb8 16. a3 c5 17. Ba6 Ba8 18.
Bb5 g6 19. Rg3 Nc7 20. Bc4 e5 21. dxe5 Nxe5 22. Nxe5 dxe5 23. Nf3 Rxd1+ 24. Qxd1 Rd8 25. Qe1 Ne8 26. Kb1 Nd6 27. Be2 Bxf3 28. Bxf3 e4 29. Be2 Qe5 30. Qh1 Rh8 31. Rh3 Rxh3 32. Qxh3 Qxg5 33. Ba6 Qd8 34. Qg3 Qe7 35. Qh2 Kc7 36.
c4 Kd7 37. Qh8 Ke6 38. Ka2 f5 39. Kb3 Kf7 40. Qh7+ Kf6 41. Qh8+ Kg5 42. Qh2 Nf7 43. Qf4+ Kf6 44. Qh4+ g5 45. Qh2 Qd6 46. Qh7 Qd7 47.
Qg8 Qd8 48. Qh7 Qh8 49. Qxh8+ Nxh8 50. Ka4 Ng6 51. Kb5 Ne5 52. Bb7 Nd3 53. Ka6 Nxf2 54. Kxa7 g4 55. Kxb6 g3 0-1

[Event "Early-Titled-Tuesday-Blitz-March-19-2024"]
[Site "Chess.com"]
[Date "2024.03.19"]
[Round "2"]
[White "Rud_Makarian"]
[Black "Meri-Arabidze"]
[Result "1/2-1/2"]
[WhiteElo "2977"]
[BlackElo "2681"]
[TimeControl "180+1"]
[EndTime "8:18:54 PDT"]
[Termination "Game drawn - insufficient material"]

1. d4 f5 2. Nf3 Nf6 3. Bg5 d5 4.
e3 Ne4 5. Bf4 e6 6. h3 Bd6 7. c4 O-O 8. Nc3 c6 9. Bd3 Bxf4 10.
exf4 Nd7 11. O-O b6 12. Re1 Bb7 13. Rc1 Qb8 14. g3 Qe8 15. Kh2 Qh5 16. Ng5 Qg6 17. Qe2 Rae8 18. Nf3 Qh6 19. Ne5 Nxe5 20. fxe5 Nxc3 21.
Rxc3 c5 22. dxc5 bxc5 23. cxd5 Bxd5 24. Rxc5 f4 25. g4 Rd8 26. Be4 f3 27. Qe3 Qxe3 28.
Rxe3 Bxe4 29. Rxe4 Rd2 30. Kg3 Rxb2 31. Rc7 Rb1 32. Rf4 Rxf4 33. Kxf4 Rb2 34. Kxf3 Rxa2 35.
Re7 Ra6 36. h4 Kf8 37. Rb7 Ra3+ 38. Kf4 Ra4+ 39. Kg3 Ra3+ 40. f3 a5 41. h5 h6 42. Ra7 a4 43. Kf4 Ra1 44. g5 hxg5+ 45. Kxg5 a3 46. Kg6 a2 47. Kh7 Rh1 48. Ra8+ Kf7 49.
Ra7+ Kf8 50. Rxa2 Rxh5+ 51. Kg6 Rxe5 52. Ra8+ Ke7 53. Ra7+ Kd6 54. Rxg7 Rf5 55. Rf7 Rxf7 56. Kxf7 Ke5 57. Ke7 Kf4 58. Kxe6 Kxf3 1/2-1/2